[Event "Is Bankasi Online Satranc Turn 17-18 YAS"]
[Site "T#646243Mustafa Kemal"]
[Date "2020.05.22"]
[Round "1"]
[White "Abdulkadirtalh76"]
[Black "Bugrahansahin14"]
[Result "1-0"]
[WhiteElo "1620"]
[BlackElo "1620"]
[Annotator "NA RC"]
[PlyCount "101"]
[EventDate "2020.05.22"]
[EventType "swiss (blitz)"]
[TimeControl "180+2"]

1. e4 e5 2. f4 exf4 3. d4 Nc6 4. Bxf4 Nf6 5. Nc3 d5 6. e5 Ne4 7. Nxe4 dxe4 8. d5 Nb4 9. Bc4 c6 10. d6 Bf5 11. c3 Na6 12. Ne2 b5 13. Bxf7+ Kxf7 14. O-O Ke8 15. Ng3 Be6 16. Nxe4 h6 17. Qf3 g5 18. Qh5+ Kd7 19. Bxg5 Qb6+ 20. Kh1 Bg7 21. Rf7+ Bxf7 22. Qxf7+ Kc8 23. Qxg7 Re8 24. h4 Nc5 25. Re1 Nxe4 26. Rxe4 a5 27. a4 Ra7 28. Qxh6 bxa4 29. e6 Qxb2 30. d7+ Rxd7 31. exd7+ Kxd7 32. Rxe8 Kxe8 33. Qxc6+ Kf7 34. Qf6+ Kg8 35. Bh6 Qc1+ 36. Kh2 Qxh6 37. Qxh6 a3 38. Qc1 a2 39. Qa1 a4 40. Qxa2+ Kg7 41. Qxa4 Kf6 42. Qa5 Ke6 43. Kg3 Kd6 44. Kf4 Kc6 45. h5 Kd6 46. h6 Ke6 47. h7 Kf7 48. h8=Q Ke7 49. Qh6 Kf7 50. Qa7+ Kg8 51. Qhg7# {[%emt 0:00:03] (Lag: Av=0.56s, max=0.9s)} 1-0

[Event "Is Bankasi Online Satranc Turn 17-18 YAS"]
[Site "T#646243Mustafa Kemal"]
[Date "2020.05.22"]
[Round "1"]
[White "Alparslanisik80"]
[Black "Ahmetemreoztur80"]
[Result "1-0"]
[WhiteElo "1620"]
[BlackElo "1620"]
[Annotator "NA RC"]
[PlyCount "55"]
[EventDate "2020.05.22"]
[EventType "swiss (blitz)"]
[TimeControl "180+2"]

1. d4 d5 2. c4 e6 3. Nf3 Nf6 4. g3 Be7 5. Bg2 Nbd7 6. O-O b6 7. cxd5 exd5 8. Nc3 Bb7 9. Qa4 O-O 10. Ne5 Rc8 11. Nc6 Bxc6 12. Qxc6 Nb8 13. Qa4 a5 14. Bg5 c6 15. Rad1 Qd6 16. a3 Nfd7 17. Bf4 Qf6 18. e4 dxe4 19. Nxe4 Qg6 20. Rfe1 Bf6 21. Nxf6+ Qxf6 22. b4 axb4 23. axb4 b5 24. Qa7 Rfd8 25. d5 cxd5 26. Bxd5 Nf8 27. Be5 Qa6 28. Qxf7+ {[%emt 0:00:03] Ahmetemreoztur80 terk eder (Lag: Av=0.63s, max=2.4s)} 1-0

[Event "Is Bankasi Online Satranc Turn 17-18 YAS"]
[Site "T#646243Mustafa Kemal"]
[Date "2020.05.22"]
[Round "1"]
[White "Emrecankaratas76"]
[Black "Tarikemretay96"]
[Result "1-0"]
[WhiteElo "1620"]
[BlackElo "1620"]
[Annotator "NA RC"]
[PlyCount "131"]
[EventDate "2020.05.22"]
[EventType "swiss (blitz)"]
[TimeControl "180+2"]

1. e4 c6 2. d4 d5 3. exd5 cxd5 4. Nf3 Nc6 5. Bb5 a6 6. Be2 Nf6 7. c3 Bg4 8. Bg5 e6 9. Nbd2 Be7 10. Nf1 h6 11. Bh4 O-O 12. Ne3 Bxf3 13. Bxf3 b5 14. O-O Na5 15. b3 Rc8 16. Qd2 Nb7 17. Ng4 Nxg4 18. Bxe7 Qxe7 19. Bxg4 Nd6 20. f3 Rc7 21. Rac1 Rfc8 22. Rc2 Ne8 23. f4 Nf6 24. Bf3 Rc6 25. Re1 Qc7 26. Rec1 a5 27. a3 Qb6 28. Kf1 Ne4 29. Bxe4 dxe4 30. d5 Rd6 31. c4 bxc4 32. bxc4 exd5 33. cxd5 Rxc2 34. Rxc2 Qb1+ 35. Rc1 Qd3+ 36. Qxd3 exd3 37. Ke1 Rxd5 38. Kd2 Rd4 39. g3 a4 40. Rc3 g6 41. Rxd3 Rc4 42. Rc3 Rd4+ 43. Rd3 Rc4 44. Rd8+ Kg7 45. Ra8 g5 46. Kd3 Rc1 47. fxg5 hxg5 48. Rxa4 Rh1 49. h4 g4 50. Rxg4+ Kh6 51. a4 f5 52. Rg5 f4 53. gxf4 Rxh4 54. Rf5 Rh3+ 55. Ke4 Ra3 56. a5 Ra4+ 57. Kf3 Kg6 58. Kg4 Kh6 59. Rb5 Kg7 60. Kg5 Kf7 61. f5 Kg7 62. f6+ Kf7 63. Rb7+ Kf8 64. Kg6 Ke8 65. f7+ Kd8 66. f8=Q# {[%emt 0:00:01] (Lag: Av=1.02s, max=1.4s)} 1-0

[Event "Is Bankasi Online Satranc Turn 17-18 YAS"]
[Site "T#646243Mustafa Kemal"]
[Date "2020.05.22"]
[Round "2"]
[White "Ahmetburakgurs66"]
[Black "Hakansimsek70"]
[Result "1/2-1/2"]
[WhiteElo "1620"]
[BlackElo "1620"]
[Annotator "NA RC"]
[PlyCount "160"]
[EventDate "2020.05.22"]
[EventType "swiss (blitz)"]
[TimeControl "180+2"]

1. d4 Nf6 2. Nf3 e6 3. c4 d5 4. Nc3 Bb4 5. Bg5 O-O 6. cxd5 exd5 7. a3 Bxc3+ 8. bxc3 Nbd7 9. e3 Re8 10. Bd3 Nf8 11. O-O Ne6 12. Bxf6 Qxf6 13. Ne5 Ng5 14. f4 Ne6 15. Qe1 Nf8 16. Rb1 Nd7 17. Rf3 b6 18. Qf2 Nxe5 19. fxe5 Qe7 20. Rf1 Be6 21. Qg3 c5 22. h4 cxd4 23. exd4 Rac8 24. h5 h6 25. a4 Rxc3 26. Bh7+ Kxh7 27. Rxc3 Qb4 28. Qd3+ Kh8 29. Ra1 Qe7 30. a5 Rb8 31. axb6 axb6 32. Rc6 b5 33. Rac1 Rb7 34. Qc3 b4 35. Qg3 b3 36. Rb1 Qd7 37. Rc3 Qa4 38. Rcxb3 Qxd4+ 39. Kh2 Re7 40. Rb8+ Kh7 41. R8b4 Qc5 42. Qd3+ g6 43. hxg6+ fxg6 44. Rb7 Bf5 45. Rxe7+ Qxe7 46. Qxd5 Bxb1 47. Kg3 Qg5+ 48. Kf2 Qf5+ 49. Kg1 Be4 50. Qd6 Qf7 51. e6 Qa7+ 52. Kh2 Qa8 53. Qd7+ Kg8 54. Qf7+ Kh8 55. e7 Qb8+ 56. Kh3 Bf5+ 57. g4 Bxg4+ 58. Kxg4 h5+ 59. Kg5 Qg3+ 60. Kh6 Qe3+ 61. Kxg6 Qe4+ 62. Kxh5 Qe5+ 63. Kg6 Qg3+ 64. Kf6 Qf4+ 65. Ke6 Qc4+ 66. Kf6 Qf4+ 67. Kg6 Qg4+ 68. Kh6 Qh4+ 69. Qh5 Qxe7 70. Qf5 Qd6+ 71. Kg5 Qg3+ 72. Kf6 Qd6+ 73. Kf7 Qc7+ 74. Kg6 Qd6+ 75. Kg5 Qg3+ 76. Kh6 Qh4+ 77. Kg6 Qg3+ 78. Kf7 Qc7+ 79. Kf8 Qd8+ 80. Kf7 Qc7+ {[%emt 0:00:01] (Lag: Av=0.71s, max=7.5s)} 1/2-1/2

[Event "Is Bankasi Online Satranc Turn 17-18 YAS"]
[Site "T#646243Mustafa Kemal"]
[Date "2020.05.22"]
[Round "2"]
[White "Umuterdemgundu70"]
[Black "Dogukangureke78"]
[Result "1-0"]
[WhiteElo "1620"]
[BlackElo "1620"]
[Annotator "NA RC"]
[PlyCount "59"]
[EventDate "2020.05.22"]
[EventType "swiss (blitz)"]
[TimeControl "180+2"]

1. e4 c5 2. Nf3 Nc6 3. d4 cxd4 4. Nxd4 Nf6 5. Nc3 d6 6. Bg5 e6 7. Qd2 Be7 8. O-O-O O-O 9. f3 Nxd4 10. Qxd4 Qa5 11. h4 Rd8 12. Bc4 a6 13. Bb3 b5 14. a3 Bb7 15. g4 Rac8 16. Kb1 Qc7 17. h5 Ne8 18. Bxe7 Qxe7 19. h6 e5 20. Qe3 g6 21. Nd5 Bxd5 22. Rxd5 Nc7 23. Rd2 Ne6 24. Rhd1 Nf4 25. Qb6 Rb8 26. Rxd6 Rdc8 27. Qxa6 Qb7 28. Qxb7 Rxb7 29. Rd8+ Rxd8 30. Rxd8# {[%emt 0:00:01] (Lag: Av=0.46s, max=1.6s)} 1-0

[Event "Is Bankasi Online Satranc Turn 17-18 YAS"]
[Site "T#646243Mustafa Kemal"]
[Date "2020.05.22"]
[Round "3"]
[White "Tunaonatnalban08"]
[Black "Kemalalpcakir74"]
[Result "1-0"]
[WhiteElo "2045"]
[BlackElo "1620"]
[Annotator "NA RC"]
[PlyCount "41"]
[EventDate "2020.05.22"]
[EventType "swiss (blitz)"]
[TimeControl "180+2"]

1. Nf3 g6 2. g3 Bg7 3. Bg2 Nc6 4. O-O Nf6 5. d3 O-O 6. e4 e5 7. c4 d6 8. Nc3 Be6 9. a3 a5 10. Rb1 Nd7 11. b4 axb4 12. axb4 f5 13. Ng5 Qe7 14. Nxe6 Qxe6 15. Nd5 Rac8 16. exf5 Qxf5 17. b5 Rfe8 18. bxc6 bxc6 19. Ne3 Qe6 20. Bxc6 Re7 21. Bd5 {[%emt 0:00:02] Kemalalpcakir74 terk eder (Lag: Av=0.45s, max=0.7s)} 1-0

[Event "Is Bankasi Online Satranc Turn 17-18 YAS"]
[Site "T#646243Mustafa Kemal"]
[Date "2020.05.22"]
[Round "3"]
[White "Emrekocakaplan04"]
[Black "Kaanakbas20"]
[Result "1-0"]
[WhiteElo "1696"]
[BlackElo "1620"]
[Annotator "NA RC"]
[PlyCount "146"]
[EventDate "2020.05.22"]
[EventType "swiss (blitz)"]
[TimeControl "180+2"]

1. d4 Nf6 2. c4 e6 3. Nf3 d5 4. g3 Be7 5. Bg2 O-O 6. O-O b6 7. b3 Bb7 8. Bb2 Nbd7 9. Nbd2 Ne4 10. e3 Ndf6 11. Ne5 Nxd2 12. Qxd2 Ne4 13. Qe2 f6 14. Nd3 c6 15. Rfd1 Rc8 16. Nf4 Qd7 17. Rac1 Rfd8 18. Qg4 f5 19. Qe2 Bf6 20. f3 Nd6 21. Nh5 Be7 22. Re1 Bf8 23. e4 Qf7 24. Nf4 dxe4 25. fxe4 c5 26. exf5 exf5 27. Bxb7 Qxb7 28. d5 Ne4 29. Ne6 Re8 30. Qf3 Qf7 31. Rf1 g6 32. Rcd1 Bh6 33. Rfe1 Re7 34. Rxe4 fxe4 35. Qc3 Bg7 36. Nxg7 Qxg7 37. Qxg7+ Rxg7 38. Bxg7 Kxg7 39. Re1 Re8 40. Kf2 Kf6 41. Ke3 Ke5 42. Rf1 Re7 43. Rf8 b5 44. Rf4 Kd6 45. Rxe4 Rb7 46. Re6+ Kd7 47. Kd3 b4 48. Rc6 Rb8 49. Rxc5 Rf8 50. Ke3 Re8+ 51. Kf3 Re1 52. Ra5 Kd6 53. Rxa7 Rf1+ 54. Kg2 Ra1 55. Rb7 Rxa2+ 56. Kh3 Kc5 57. Rb5+ Kd4 58. Rxb4 h5 59. Rb6 g5 60. Rg6 g4+ 61. Kh4 Rxh2+ 62. Kg5 Kc3 63. d6 Kxb3 64. c5 Kc4 65. c6 Rd2 66. c7 Rd5+ 67. Kh4 Rc5 68. d7 Rxc7 69. d8=Q Rc5 70. Rg5 Rc6 71. Rxh5 Kb4 72. Qd2+ Ka4 73. Qd7 Kb4 {[%emt 0:00:02] Kaanakbas20 terk eder (Lag: Av=0.74s, max=1.3s)} 1-0

[Event "Is Bankasi Online Satranc Turn 17-18 YAS"]
[Site "T#646243Mustafa Kemal"]
[Date "2020.05.22"]
[Round "3"]
[White "Ataberkturkmen48"]
[Black "Umuterdemgundu70"]
[Result "0-1"]
[WhiteElo "1620"]
[BlackElo "1620"]
[Annotator "NA RC"]
[PlyCount "82"]
[EventDate "2020.05.22"]
[EventType "swiss (blitz)"]
[TimeControl "180+2"]

1. e4 Na6 2. d4 c6 3. c3 Nc7 4. Bd3 d5 5. e5 g6 6. f4 Bg7 7. Nf3 Bg4 8. Nbd2 Nh6 9. Nf1 O-O 10. Ne3 Bxf3 11. Qxf3 f6 12. Qe2 fxe5 13. fxe5 Ne6 14. g3 c5 15. Nc2 c4 16. Bxc4 dxc4 17. Qxc4 Qc8 18. Qb3 Kh8 19. Ne3 Nf5 20. O-O Nxe3 21. Bxe3 Qd7 22. d5 Nc7 23. c4 b5 24. e6 Qd6 25. Bf4 Qb6+ 26. Kg2 Rac8 27. Rac1 {[%emt 0:00:07] .} bxc4 28. Qxb6 axb6 29. Rxc4 Nxd5 30. Rxc8 Rxc8 31. Bc1 Kg8 32. Rd1 Rc5 33. Kf3 Be5 34. Ke4 Bd6 35. Bh6 Nf6+ 36. Kf3 Rf5+ 37. Kg2 Ng4 38. Bf4 Bxf4 39. Rd8+ Rf8 40. gxf4 Rxd8 41. Kf3 Nf6 {[%emt 0:00:01] Zaman (Lag: Av=0.53s, max=0.9s)} 0-1

[Event "Is Bankasi Online Satranc Turn 17-18 YAS"]
[Site "T#646243Mustafa Kemal"]
[Date "2020.05.22"]
[Round "3"]
[White "Atahanbulut70"]
[Black "Tarikemretay96"]
[Result "0-1"]
[WhiteElo "1620"]
[BlackElo "1620"]
[Annotator "NA RC"]
[PlyCount "72"]
[EventDate "2020.05.22"]
[EventType "swiss (blitz)"]
[TimeControl "180+2"]

1. e4 c6 2. Nf3 d5 3. d3 dxe4 4. dxe4 Qxd1+ 5. Kxd1 Bg4 6. h3 Bxf3+ 7. gxf3 e5 8. Nc3 Nf6 9. Be3 Nbd7 10. Rg1 b6 11. a3 O-O-O 12. f4 g6 13. fxe5 Nxe5+ 14. Kc1 Nf3 15. Rg3 Nd4 16. e5 Ne8 17. Rg4 Nf5 18. a4 h5 19. Rc4 c5 20. Ra3 Nxe3 21. Bg2 Nxc4 22. Bf1 Nxa3 23. bxa3 Bg7 24. Ba6+ Kc7 25. Nb5+ Kd7 26. Nc3 Bxe5 27. Bb5+ Kd6 28. Ne4+ Kd5 29. Nd2 Bf4 30. Bc4+ Kd4 31. Kd1 Bxd2 32. Kxd2 Kxc4+ 33. Kc1 Nd6 34. Kb2 Ne4 35. a5 Nxf2 36. axb6 axb6 {[%emt 0:00:00] Zaman (Lag: Av=0.97s, max=1.4s)} 0-1

[Event "Is Bankasi Online Satranc Turn 17-18 YAS"]
[Site "T#646243Mustafa Kemal"]
[Date "2020.05.22"]
[Round "3"]
[White "Canberkgiray40"]
[Black "Servethakanalt20"]
[Result "1-0"]
[WhiteElo "1620"]
[BlackElo "1620"]
[Annotator "NA RC"]
[PlyCount "75"]
[EventDate "2020.05.22"]
[EventType "swiss (blitz)"]
[TimeControl "180+2"]

1. e4 e6 2. d4 d5 3. exd5 exd5 4. Nf3 Bd6 5. Bd3 Ne7 6. O-O Nbc6 7. Bg5 f6 8. Bh4 Bg4 9. c3 Qd7 10. Nbd2 O-O-O 11. Bg3 h6 12. Bxd6 Qxd6 13. Qc2 h5 14. h3 Kb8 15. Nh4 g5 16. Nf5 Bxf5 17. Bxf5 Nxf5 18. Qxf5 g4 19. h4 Ne7 20. Qd3 f5 21. g3 Ng6 22. Qxf5 Rdf8 23. Qd3 Rhg8 24. Kg2 Qf6 25. Rae1 Nxh4+ 26. gxh4 Qxh4 27. Qg3 Qg5 28. Qe3 Qf5 29. Qe5 Qd3 30. Qe3 Qg6 31. Rh1 Rf3 32. Qe6 Qxe6 33. Rxe6 Rd3 34. Re2 Rf8 35. Rxh5 g3 36. fxg3 b6 37. Rxd5 c6 38. Rde5 {[%emt 0:00:02] Zaman (Lag: Av=1.00s, max=1.4s)} 1-0

[Event "Is Bankasi Online Satranc Turn 17-18 YAS"]
[Site "T#646243Mustafa Kemal"]
[Date "2020.05.22"]
[Round "3"]
[White "Denizozaydin42"]
[Black "Burakcanaksoz58"]
[Result "0-1"]
[WhiteElo "1620"]
[BlackElo "1620"]
[Annotator "NA RC"]
[PlyCount "90"]
[EventDate "2020.05.22"]
[EventType "swiss (blitz)"]
[TimeControl "180+2"]

1. Nf3 c5 2. e3 Nc6 3. d4 e6 4. b3 d5 5. Bb2 Nf6 6. Nbd2 Bd6 7. a3 a5 8. Bd3 O-O 9. O-O Re8 10. Ne5 Qc7 11. f4 b6 12. Qe2 Bb7 13. g4 cxd4 14. exd4 Ne7 15. g5 Nd7 16. Ndf3 Nf5 17. Nxd7 Qxd7 18. Ne5 Qc7 19. Qf3 Ba6 20. Bxa6 Rxa6 21. Rac1 b5 22. Qd3 Qe7 23. c4 bxc4 24. bxc4 dxc4 25. Nxc4 Rc6 26. Nxa5 Rxc1 27. Bxc1 Ra8 28. Nc4 Qa7 29. Nxd6 Nxd4 30. Be3 Qxa3 31. Qxd4 Rd8 32. Nb5 Qf8 33. Qb2 Qe7 34. Rc1 Rb8 35. Bc5 Qd7 36. Qb4 h6 37. Bd6 Rxb5 38. Qxb5 Qxb5 39. Rc8+ Kh7 40. Rc7 Qb1+ 41. Kg2 Qb2+ 42. Kg3 hxg5 43. fxg5 Qb3+ 44. Kg2 Qd5+ 45. Kg3 Qxd6+ {[%emt 0:00:00] Denizozaydin42 resigns (Lag: Av=0.71s, max=1.1s)} 0-1

[Event "Is Bankasi Online Satranc Turn 17-18 YAS"]
[Site "T#646243Mustafa Kemal"]
[Date "2020.05.22"]
[Round "3"]
[White "Huseyinazizcak12"]
[Black "Ahmetemreoztur80"]
[Result "0-1"]
[WhiteElo "1620"]
[BlackElo "1620"]
[Annotator "NA RC"]
[PlyCount "56"]
[EventDate "2020.05.22"]
[EventType "swiss (blitz)"]
[TimeControl "180+2"]

1. e4 c5 2. Nf3 Nc6 3. d4 cxd4 4. Nxd4 Nf6 5. Nxc6 bxc6 6. Qf3 e5 7. Bd3 Be7 8. O-O O-O 9. Nd2 Bb7 10. Nc4 Qc7 11. Ne3 d5 12. Nf5 dxe4 13. Nxe7+ Qxe7 14. Bxe4 Nxe4 15. Qxe4 c5 16. Qg4 Rad8 17. Bh6 Qf6 18. Bg5 Qg6 19. h3 Rd4 20. Qg3 f6 21. Be3 Qxg3 22. fxg3 Rc4 23. c3 Rd8 24. Rac1 Ra4 25. Bxc5 Rxa2 26. Ba3 Rd2 27. Rf2 Rd3 28. Kf1 Rxg3 {[%emt 0:00:05] Zaman (Lag: Av=0.69s, max=1.3s)} 0-1

[Event "Is Bankasi Online Satranc Turn 17-18 YAS"]
[Site "T#646243Mustafa Kemal"]
[Date "2020.05.22"]
[Round "3"]
[White "Kayrakamer68"]
[Black "Ahmetburakgurs66"]
[Result "1-0"]
[WhiteElo "1620"]
[BlackElo "1620"]
[Annotator "NA RC"]
[PlyCount "135"]
[EventDate "2020.05.22"]
[EventType "swiss (blitz)"]
[TimeControl "180+2"]

1. e4 c5 2. Nf3 e6 3. d4 cxd4 4. Nxd4 Bc5 5. Nb3 Bb6 6. Nc3 Ne7 7. Bd3 O-O 8. Qe2 Nbc6 9. Be3 Bxe3 10. Qxe3 d5 11. exd5 Nxd5 12. Nxd5 exd5 13. O-O Re8 14. Qg3 Be6 15. a3 Qf6 16. c3 Ne5 17. Be2 Ng6 18. Nd4 Nf4 19. Bf3 h5 20. h4 Bd7 21. Rfe1 Nd3 22. Rxe8+ Rxe8 23. Bxd5 Nxb2 24. Rb1 Nd3 25. Qxd3 Bg4 26. Qg3 b6 27. Bf3 Qg6 28. Rd1 Rc8 29. Bxg4 hxg4 30. Qd3 Qf6 31. Ne2 Qxh4 32. Qd7 Rf8 33. Rd4 Qf6 34. Qxg4 Qe5 35. Qe4 Qc5 36. a4 g6 37. Qd3 Re8 38. Rd8 Qe5 39. Rc8 Rxc8 40. Nd4 Qe1+ 41. Kh2 Rc5 42. Nf3 Qxf2 43. Qd8+ Kg7 44. Kh3 Rh5+ 45. Kg4 Qxg2+ 46. Kf4 Qc2 47. Qd4+ Kh7 48. Ng5+ Rxg5 49. Kxg5 Qf5+ 50. Kh4 g5+ 51. Kh5 Qg6+ 52. Kg4 f5+ 53. Kg3 f4+ 54. Kg4 Qg7 55. Qe4+ Kh6 56. Qc6+ Qg6 57. Qh1+ Kg7 58. Qb7+ Qf7 59. Qe4 Qf6 60. Qb7+ Kh6 61. Qh1+ Kg6 62. Qe4+ Kf7 63. Qh7+ Ke8 64. Qxa7 Qxc3 65. Qb8+ Ke7 66. Qb7+ Ke8 67. Qxb6 Qg3+ 68. Kh5 {[%emt 0:00:02] Zaman (Lag: Av=0.35s, max=0.7s)} 1-0

[Event "Is Bankasi Online Satranc Turn 17-18 YAS"]
[Site "T#646243Mustafa Kemal"]
[Date "2020.05.22"]
[Round "3"]
[White "Kutayozkurt40"]
[Black "Furkancan12"]
[Result "0-1"]
[WhiteElo "1620"]
[BlackElo "1620"]
[Annotator "NA RC"]
[PlyCount "48"]
[EventDate "2020.05.22"]
[EventType "swiss (blitz)"]
[TimeControl "180+2"]

1. e4 Nf6 2. Nc3 e5 3. Nf3 Bb4 4. Nxe5 O-O 5. Be2 Re8 6. Nd3 Bxc3 7. dxc3 Nxe4 8. O-O d5 9. f3 Nd6 10. Bf4 c6 11. Re1 Bf5 12. Bf1 Nc4 13. b3 Nb6 14. Qd2 N8d7 15. Rxe8+ Qxe8 16. Re1 Qd8 17. Ne5 Nxe5 18. Bxe5 Nd7 19. Bd3 Bxd3 20. cxd3 Nxe5 21. Rxe5 f6 22. Re6 Qd7 23. Qe2 Kf7 24. d4 Qxe6 {[%emt 0:00:02] Kutayozkurt40 terk eder (Lag: Av=0.46s, max=0.8s)} 0-1

[Event "Is Bankasi Online Satranc Turn 17-18 YAS"]
[Site "T#646243Mustafa Kemal"]
[Date "2020.05.22"]
[Round "3"]
[White "Mahmutemrekord40"]
[Black "Ozgurkazak62"]
[Result "0-1"]
[WhiteElo "1620"]
[BlackElo "1620"]
[Annotator "NA RC"]
[PlyCount "58"]
[EventDate "2020.05.22"]
[EventType "swiss (blitz)"]
[TimeControl "180+2"]

1. e4 e5 2. Nf3 Nc6 3. Nc3 Nf6 4. Qe2 Bb4 5. a3 Bxc3 6. dxc3 h6 7. Nh4 d6 8. Be3 Ng4 9. Nf3 Nxe3 10. Qxe3 f5 11. exf5 Bxf5 12. Bb5 Qd7 13. Bxc6 Qxc6 14. Rd1 O-O-O 15. O-O Bxc2 16. Rd2 Be4 17. Nh4 Rhf8 18. Re1 Bh7 19. Qh3+ Kb8 20. g3 g5 21. Ng2 Rf6 22. f4 Bf5 23. fxg5 Bxh3 24. gxf6 Rf8 25. Rf1 d5 26. b3 d4 27. cxd4 exd4 28. Rff2 Rxf6 29. Rxf6 Qxf6 {[%emt 0:00:04] Zaman (Lag: Av=0.68s, max=1.4s)} 0-1

[Event "Is Bankasi Online Satranc Turn 17-18 YAS"]
[Site "T#646243Mustafa Kemal"]
[Date "2020.05.22"]
[Round "3"]
[White "Merttosun42"]
[Black "Mehmetkozak72"]
[Result "1-0"]
[WhiteElo "1620"]
[BlackElo "1620"]
[Annotator "NA RC"]
[PlyCount "45"]
[EventDate "2020.05.22"]
[EventType "swiss (blitz)"]
[TimeControl "180+2"]

1. e4 c5 2. b3 d6 3. Bb2 Nc6 4. d3 e6 5. Nd2 d5 6. Be2 d4 7. c3 e5 8. f4 Nf6 9. Ngf3 exf4 10. O-O Bd6 11. Nc4 Bc7 12. e5 Nd5 13. cxd4 b5 14. Nd6+ Bxd6 15. exd6 Qxd6 16. dxc5 Qxc5+ 17. d4 Qd6 18. Bxb5 O-O 19. Re1 Bf5 20. Rc1 Ncb4 21. Ba3 a6 22. Rc6 Qg6 23. Rxg6 {[%emt 0:00:04] Mehmetkozak72 terk eder (Lag: Av=0.53s, max=0.8s)} 1-0

[Event "Is Bankasi Online Satranc Turn 17-18 YAS"]
[Site "T#646243Mustafa Kemal"]
[Date "2020.05.22"]
[Round "3"]
[White "Mustafaberkayb82"]
[Black "Bugrahansahin14"]
[Result "0-1"]
[WhiteElo "1620"]
[BlackElo "1620"]
[Annotator "NA RC"]
[PlyCount "56"]
[EventDate "2020.05.22"]
[EventType "swiss (blitz)"]
[TimeControl "180+2"]

1. d4 d5 2. c4 dxc4 3. e4 Nc6 4. Nf3 Nf6 5. Nc3 Ng4 6. Bxc4 e5 7. h3 exd4 8. Nxd4 Qxd4 9. hxg4 Qxc4 10. Qd5 Qxd5 11. Nxd5 Bd6 12. f3 Nd4 13. Kd2 c6 14. Ne3 Be6 15. Rh3 Rd8 16. b3 Bf4 17. Kc3 Ne2+ 18. Kb4 Nxc1 19. Rxc1 Bxe3 20. Rc2 c5+ 21. Kb5 Bd7+ 22. Ka5 b6+ 23. Ka6 Bc8+ 24. Kb5 Rd6 25. f4 a6+ 26. Kc4 b5+ 27. Kc3 b4+ 28. Kc4 Be6# {[%emt 0:00:04] (Lag: Av=0.55s, max=2.7s)} 0-1

[Event "Is Bankasi Online Satranc Turn 17-18 YAS"]
[Site "T#646243Mustafa Kemal"]
[Date "2020.05.22"]
[Round "3"]
[White "Orhanerenkarab68"]
[Black "Ahmetozer26"]
[Result "1-0"]
[WhiteElo "1620"]
[BlackElo "1620"]
[Annotator "NA RC"]
[PlyCount "81"]
[EventDate "2020.05.22"]
[EventType "swiss (blitz)"]
[TimeControl "180+2"]

1. e4 e5 2. Nf3 Nc6 3. Bc4 Bc5 4. d3 Nf6 5. Nc3 O-O 6. Bg5 d6 7. Nd5 Bd7 8. O-O Na5 9. Nxf6+ gxf6 10. Bh6 Re8 11. Bb3 Nxb3 12. axb3 f5 13. Qd2 fxe4 14. dxe4 Qf6 15. Bg5 Qg6 16. Rfe1 f6 17. Be3 Bxe3 18. Qxe3 Bc6 19. Rad1 Rad8 20. c4 b6 21. b4 a6 22. b3 Bb7 23. Nh4 Qf7 24. Nf5 Kh8 25. Qh3 Rg8 26. Nh6 Rxg2+ 27. Kxg2 Qg6+ 28. Kf1 Bxe4 29. Rxe4 Qxe4 30. Nf7+ Kg8 31. Nxd8 Qc2 32. Qe6+ Kg7 33. Qf7+ Kh6 34. Re1 Qxb3 35. Qxf6+ Kh5 36. Qf5+ Kh6 37. Nf7+ Kg7 38. Ng5 Qxc4+ 39. Kg1 Qxb4 40. Qxh7+ Kf8 41. Qf7# {[%emt 0:00:02] (Lag: Av=0.94s, max=1.1s)} 1-0

[Event "Is Bankasi Online Satranc Turn 17-18 YAS"]
[Site "T#646243Mustafa Kemal"]
[Date "2020.05.22"]
[Round "3"]
[White "Yusufdemiral10"]
[Black "Dogukangureke78"]
[Result "0-1"]
[WhiteElo "1620"]
[BlackElo "1620"]
[Annotator "NA RC"]
[PlyCount "74"]
[EventDate "2020.05.22"]
[EventType "swiss (blitz)"]
[TimeControl "180+2"]

1. d4 Nf6 2. Nf3 d5 3. c4 e6 4. Bg5 Be7 5. e3 O-O 6. Nc3 Nbd7 7. Bd3 b6 8. cxd5 exd5 9. O-O Bb7 10. Bc2 Ne4 11. Bxe7 Qxe7 12. Bb3 Ndf6 13. Rc1 Rfd8 14. Nd2 Rac8 15. Ndxe4 Nxe4 16. Nxe4 dxe4 17. Rc2 c5 18. Qd2 Ba6 19. Re1 Bd3 20. Rc3 cxd4 21. Rxc8 Rxc8 22. exd4 Qd6 23. Rc1 Rd8 24. Bc2 Qxd4 25. Bxd3 exd3 26. Kf1 g6 27. Rc3 Kg7 28. g3 Qd5 29. Kg1 h5 30. h4 b5 31. Rc7 Qf3 32. Qc3+ Kg8 33. Rc8 Rxc8 34. Qxc8+ Kh7 35. Qd7 a6 36. Qd6 Qe2 37. Qd4 d2 {[%emt 0:00:03] Zaman (Lag: Av=0.51s, max=1.2s)} 0-1

[Event "Is Bankasi Online Satranc Turn 17-18 YAS"]
[Site "T#646243Mustafa Kemal"]
[Date "2020.05.22"]
[Round "3"]
[White "emreerdal60"]
[Black "Omeramirakdag30"]
[Result "0-1"]
[WhiteElo "1620"]
[BlackElo "1919"]
[Annotator "NA RC"]
[PlyCount "102"]
[EventDate "2020.05.22"]
[EventType "swiss (blitz)"]
[TimeControl "180+2"]

1. e4 c5 2. c3 Nf6 3. e5 Nd5 4. d4 cxd4 5. cxd4 d6 6. exd6 Qxd6 7. Nc3 Nc6 8. Nf3 Bg4 9. Be2 e6 10. h3 Bh5 11. O-O a6 12. Nxd5 Qxd5 13. Be3 Be7 14. Qa4 O-O 15. Rac1 Rfd8 16. Rfd1 b5 17. Qc2 Rac8 18. Qd2 Bb4 19. Qd3 Bg6 20. Qb3 Qxb3 21. axb3 Na5 22. Rxc8 Rxc8 23. d5 Nxb3 24. d6 Rd8 25. Bb6 Rd7 26. Ne5 Rxd6 27. Nxg6 hxg6 28. Rxd6 Bxd6 29. Bd1 Nd2 30. Be3 Nc4 31. b3 Ne5 32. f4 Nd7 33. Bf3 Kf8 34. Bb7 a5 35. Bc6 Ke7 36. Bxb5 Bc5 37. Bxc5+ Nxc5 38. Bc4 Ne4 39. Bd3 Nc5 40. Bc4 Kd6 41. Kf2 Ne4+ 42. Ke3 Nf6 43. g4 Kc5 44. g5 Nd5+ 45. Ke4 Nc3+ 46. Kd3 Nd5 47. Ke4 a4 48. h4 Nb6 49. Be2 a3 50. b4+ Kxb4 51. Bc4 Kxc4 {[%emt 0:00:01] emreerdal60 resigns (Lag: Av=0.72s, max=1.2s)} 0-1

[Event "Is Bankasi Online Satranc Turn 17-18 YAS"]
[Site "T#646243Mustafa Kemal"]
[Date "2020.05.22"]
[Round "3"]
[White "keremerdal34"]
[Black "Alparslanisik80"]
[Result "0-1"]
[WhiteElo "1620"]
[BlackElo "1620"]
[Annotator "NA RC"]
[PlyCount "52"]
[EventDate "2020.05.22"]
[EventType "swiss (blitz)"]
[TimeControl "180+2"]

1. e4 c5 2. c3 Nf6 3. e5 Nd5 4. d4 d6 5. exd6 Qxd6 6. Nf3 cxd4 7. cxd4 Nc6 8. Nc3 g6 9. Bb5 Bg7 10. O-O O-O 11. h3 Rd8 12. Re1 Bd7 13. Bg5 Re8 14. Nxd5 Qxd5 15. Bxc6 Bxc6 16. Rxe7 Rxe7 17. Bxe7 Qf5 18. Bh4 Bxf3 19. Qxf3 Qxf3 20. gxf3 Bxd4 21. Rb1 Rc8 22. b3 Rc2 23. Rd1 Bb6 24. a4 Rb2 25. Rd7 Rxb3 26. Rxb7 Bxf2+ {[%emt 0:00:01] keremerdal34 resigns (Lag: Av=2.00s, max=18.4s)} 0-1

[Event "Is Bankasi Online Satranc Turn 17-18 YAS"]
[Site "T#646243Mustafa Kemal"]
[Date "2020.05.22"]
[Round "3"]
[White "Ibrahimisik76"]
[Black "Hakansimsek70"]
[Result "1/2-1/2"]
[WhiteElo "1523"]
[BlackElo "1645"]
[Annotator "NA RC"]
[PlyCount "159"]
[EventDate "2020.05.22"]
[EventType "swiss (blitz)"]
[TimeControl "180+2"]

1. e4 e5 2. Nf3 Nc6 3. Be2 Nf6 4. d3 Bc5 5. Nc3 O-O 6. h3 h6 7. Be3 Bxe3 8. fxe3 Re8 9. Qd2 d6 10. O-O-O a5 11. Kb1 Be6 12. Rdg1 Qd7 13. d4 exd4 14. exd4 d5 15. e5 Ne4 16. Nxe4 dxe4 17. Ne1 Qd5 18. b3 Qxd4 19. Qc1 Qxe5 20. g4 a4 21. h4 axb3 22. cxb3 Bxb3 23. Qb2 Bxa2+ 24. Kc1 Qc5+ 25. Qc2 Qxc2+ 26. Kxc2 Nd4+ 27. Kd2 e3+ 28. Kd3 Nxe2 29. Kxe2 Bc4+ 30. Kd1 e2+ 31. Kd2 Ra2+ 32. Kc3 b5 33. g5 h5 34. g6 Ra3+ 35. Kb4 Rb3+ 36. Kc5 Re5+ 37. Kd4 Rd5+ 38. Ke4 Rd7 39. gxf7+ Kxf7 40. Rg5 Be6 41. Rhg1 Rb4+ 42. Ke3 Rb3+ 43. Kxe2 Bc4+ 44. Nd3 Bxd3+ 45. Kd2 Bg6+ 46. Ke2 Rb2+ 47. Ke3 Rd3+ 48. Kf4 Rb4+ 49. Ke5 Re3+ 50. Kd5 Be4+ 51. Kc5 Rc4+ 52. Kxb5 Rc6 53. Rxg7+ Ke6 54. R1g6+ Ke5 55. Rxc6 Bxc6+ 56. Kxc6 Rc3+ 57. Kb5 c6+ 58. Kb4 Rh3 59. Rg5+ Kf4 60. Rxh5 Kg4 61. Rc5 Re3 62. h5 Re6 63. Ka5 Rh6 64. Kb6 Rxh5 65. Rxc6 Rg5 66. Rc4+ Kf3 67. Kc6 Re5 68. Kd6 Re3 69. Rc8 Rd3+ 70. Ke5 Re3+ 71. Kd4 Re4+ 72. Kd5 Rf4 73. Rc3+ Kg4 74. Ke5 Rf5+ 75. Ke6 Rf4 76. Rc8 Kf3 77. Ke5 Re4+ 78. Kd5 Rf4 79. Ke5 Re4+ 80. Kd5 {[%emt 0:00:01] (Lag: Av=0.83s, max=1.1s)} 1/2-1/2